 Dungeon Crawl Stone Soup version 0.32-a0-306-gfed3edf829 (webtiles) character file.

Game seed: 7535060933127358611

63 retardedninja the Covered (level 3, 0/33 HPs)
             Began as a Mountain Dwarf Fighter on Feb 14, 2024.
             Succumbed to an adder's poison
             ... on level 2 of the Dungeon.
             The game lasted 00:01:11 (746 turns).

retardedninja the Covered (Mountain Dwarf Fighter)   Turns: 746, Time: 00:01:11

Health: 0/33       AC:  7    Str: 20    XL:     3   Next: 89%
Magic:  3/3        EV:  9    Int:  8    God:
Gold:   58         SH:  4    Dex:  9    Spells: 2/2 levels left

rFire   . . .        a - +0 war axe
rCold   . . .        c - +0 buckler
rNeg    . . .        b - +0 scale mail
rPois   .            (no helmet)
rElec   .            (no cloak)
rCorr   .            (no gloves)
SInv    .            (no boots)
Will    .....        (no amulet) Stlth
                     (no ring)
HPRegen 0.25/turn    (no ring)
MPRegen 0.08/turn

%: no passive effects
@: lethally poisoned (0 -> -3)
A: runic magic, artefact enchanting
a: no special abilities


You were on level 2 of the Dungeon.
You visited 1 branch of the dungeon, and saw 2 of its levels.

You collected 58 gold pieces.

Inventory:

Hand Weapons
 a - a +0 war axe (weapon)
Armour
 b - a +0 scale mail (worn)
 c - a +0 buckler (worn)
Scrolls
 e - a scroll of identify {unknown}
 f - a scroll of silence {unknown}
Potions
 d - 2 potions of might


   Skills:
 + Level 3.8 Fighting
 + Level 3.2 Axes
 + Level 3.9 Armour
 + Level 3.9 Shields


You had 2 spell levels left.
You didn't know any spells.
Your spell library was empty.

Dungeon Overview and Level Annotations

Branches:
Dungeon (2/15)

Altars:


Innate Abilities, Weirdness & Mutations

Your spellcasting is much less encumbered by armour.
You can use scrolls of enchantment on lesser artefacts.


Message History

You closely miss the adder.
The adder is lightly wounded.
You feel sick. You block the adder's attack.
You miss the adder.
The adder is lightly wounded.
You feel sick. The adder bites you but does no damage.
You block the adder's attack.
You miss the adder.
The adder is lightly wounded.
You feel sick.
The adder bites you but does no damage. x2
You closely miss the adder.
The adder is lightly wounded.
You feel sick. The adder bites you. The adder barely misses you.
You barely miss the adder.
You feel sick.
You are no longer poisoned.
The adder barely misses you.
You closely miss the adder. The adder barely misses you.
You block the adder's attack.
You miss the adder. The adder bites you but does no damage.
You block the adder's attack.
You barely miss the adder. The adder bites you.
You are poisoned.
The adder poisons you! The adder bites you but does no damage.
Unknown command.
You closely miss the adder.
You feel very sick. The adder barely misses you. The adder bites you.
* * * LOW HITPOINT WARNING * * *
You miss the adder.
You feel sick. The adder barely misses you.
You hit the adder.
The adder is lightly wounded.
You feel sick. The adder bites you.
* * * LOW HITPOINT WARNING * * *
The adder bites you.
* * * LOW HITPOINT WARNING * * *
You are too injured to fight recklessly!
Okay, then.
You closely miss the adder.
The adder is lightly wounded.
You die...

##### ##### #...# ?...
#.#.# #..# #.#.#
##########..# #.#<#
........#..##
#.###########..@S.#
#..............#†..#
#############.###)....#
### #._.## ....# #...
#.. #.


You could see an adder.

Vanquished Creatures
  A gnoll (D:1)
  A ribbon worm (D:2)
  6 endoplasms (D:1)
  3 hobgoblins (D:1)
  7 jackals (D:1)
  4 ball pythons
  A kobold (D:1)
  6 rats (D:1)
29 creatures vanquished.

Notes
Turn   | Place    | Note
-------+----------+-------------------------------------------
     0 | D:1      | retardedninja the Mountain Dwarf Fighter began the quest
                  | for the Orb.
     0 | D:1      | Reached XP level 1. HP: 19/19 MP: 1/1
    32 | D:1      | Reached XP level 2. HP: 20/26 MP: 2/2
   242 | D:1      | Reached XP level 3. HP: 24/31 MP: 3/3
   723 | D:2      | Found a faded altar of an unknown god.
   745 | D:2      | HP: 1/33 [adder (3)]
   746 | D:2      | Succumbed to an adder's poison

Illustrated notes

Levels and vault maps discovered:
D:1:      mrwooster_arrival_statue_2, layout_basic, nicolae_the_louvre
D:2:      layout_basic, nicolae_ecumenical_snake_handling

Skill      XL: |  1  2 |
---------------+-------+-----
Axes           | 3 |  3.2
Fighting       | |  3.8
Armour         | |  3.9
Shields        | |  3.9

Action                     || total
---------------------------++-------
  Melee: War axe           ||    71
 Armour: Scale mail        ||    56
  Dodge: Dodged            ||    35
  Block: Buckler           ||    14

Table legend: (Time is in decaauts)
 A = Elapsed time spent in this place.
 B = Non-inter-level travel time spent in this place.
 C = Inter-level travel time spent in this place.
 D = Time resting spent in this place.
 E = Time spent auto-exploring this place.
 F = Levels seen in this place.
 G = Mean time per level.
                   A        B        C        D        E       F      G
               +--------+--------+--------+--------+--------+-----+--------+
         Total |    772 |    763 |      9 |      0 |    616 |   2 |  386.0 |
       Dungeon |    772 |    763 |      9 |      0 |    616 |   2 |  386.0 |
               +--------+--------+--------+--------+--------+-----+--------+

Top non-repeatable levels by time:
     D:1: 721 daAuts
     D:2: 51 daAuts
